 Dungeon Crawl Stone Soup version 0.27-b1-42-g19c61b19a5 (webtiles) character file.

Game seed: 1067028897824232463

372 ubername the Chiller (level 6, -5/42 HPs)
             Began as a Barachi Ice Elementalist on July 29, 2021.
             Was a Follower of Vehumet.
             Slain by a scorpion (6 damage)
             ... on level 5 of the Dungeon.
             The game lasted 00:15:57 (5323 turns).

ubername the Chiller (Barachi Ice Elementalist)     Turns: 5323, Time: 00:15:58

Health: -5/42      AC:  7    Str:  9    XL:     6   Next: 71%
Magic:  0/12       EV: 11    Int: 18    God:    Vehumet [*.....]
Gold:   86         SH:  0    Dex: 12    Spells: 5/13 levels left

rFire    . . .     SeeInvis .   r - +0 falchion
rCold    . . .     Faith    .   (no shield)
rNeg     . . .     Spirit   .   i - +0 leather armour
rPois    .         Reflect  .   m - +0 helmet
rElec    .         Harm     .   (no cloak)
rCorr    .         Rampage  .   n - +2 pair of gloves
Will     +....                  (no boots)
Stlth    ++........             (no amulet)
HPRegen  0.14/turn              c - ring of willpower
MPRegen  0.13/turn              s - ring of wizardry

@: lethally poisoned (-5 -> -16), unable to hop, slow
A: amphibious, slowness 1, strong legs 1, +LOS
a: Hop, Renounce Religion


You were on level 5 of the Dungeon.
You worshipped Vehumet.
Vehumet was aware of your devotion.
You visited 2 branches of the dungeon, and saw 6 of its levels.

You collected 174 gold pieces.
You spent 88 gold pieces at shops.

Inventory:

Hand Weapons
 h - a +0 short sword
 r - a +0 falchion (weapon)
Missiles
 e - 111 stones
 j - 22 sling bullets
 q - 5 poisoned darts (quivered)
Armour
 i - a +0 leather armour (worn)
 l - a +0 kite shield
 m - a +0 helmet (worn)
 n - a +2 pair of gloves (worn)
 w - a +0 ring mail
Magical Staves
 k - a staff of poison
 p - a staff of conjuration
Jewellery
 c - a ring of willpower (left hand)
 s - a ring of wizardry (right hand)
Scrolls
 f - a scroll of teleportation
 g - 2 scrolls of fog
 t - a scroll of amnesia
 u - 2 scrolls of identify
 v - a scroll of magic mapping
Potions
 a - a potion of brilliance
 b - a potion of attraction
 d - 3 potions of curing
 o - a potion of heal wounds


   Skills:
 + Level 0.4 Fighting
 * Level 2.2 Long Blades
 * Level 2.1 Throwing
 * Level 2.6 Armour
 + Level 2.2 Dodging
 + Level 1.9 Stealth
 * Level 4.1 Spellcasting
 + Level 0.5 Conjurations
 * Level 1.3 Fire Magic
 * Level 6.0 Ice Magic


You had 5 spell levels left.
You knew the following spells:

 Your Spells              Type           Power      Damage    Failure   Level
a - Freeze                Ice            100%       1d11      1%          1
b - Frozen Ramparts       Ice            50%        1d7       1%          3
c - Ozocubu's Armour      Ice            25%        N/A       1%          3
d - Foxfire               Conj/Fire      28%        2x1d5     6%          1

Your spell library contained the following spells:

 Spells                   Type           Power      Damage    Failure   Level
 Sandblast                Erth           6%         2d5       9%          1
 Conjure Flame            Conj/Fire      7%         6-21      16%         3
 Inner Flame              Hex/Fire       6%         N/A       17%         3
 Hailstorm                Conj/Ice       15%        3d5       21%         4


Dungeon Overview and Level Annotations

Branches:
Dungeon (5/15)             Temple (1/1) D:4

Altars:
Ashenzari
Gozag
Hepliaklqana
Uskayaw
Vehumet
Wu Jian
Xom
Zin

Shops:
D:3 [*[!


Innate Abilities, Weirdness & Mutations

You are amphibious.
You cover ground slowly.
You can hop short distances.
You have an extended range of vision and can be seen from far away.


Message History

You hit the scorpion.
The scorpion is heavily wounded.
The scorpion stings you. The scorpion barely misses you.
You riposte.
You barely miss the scorpion. The scorpion stings you.
You feel much better. The scorpion misses you. The scorpion barely misses you.
You hit the scorpion.
The scorpion is heavily wounded.
The scorpion stings you.
The scorpion stings you but does no damage.
The scorpion stings you.
You are poisoned.
The scorpion poisons you!
Casting: Freeze (safe; 1% risk of failure)
Confirm with . or Enter, or press ? or * to list all spells.
Aiming: Freeze (safe; 1% risk of failure)
Press: ? - help, Shift-Dir - straight line, f/p - scorpion
Aim: a scorpion (heavily wounded)
You freeze the scorpion.
The scorpion is almost dead.
You feel very sick.
The scorpion barely misses you. x2; You riposte.
You barely miss the scorpion. The scorpion barely misses you.
You hit the scorpion.
The scorpion is almost dead.
You feel sick. The scorpion closely misses you.
You riposte.
You hit the scorpion but do no damage. The scorpion closely misses you.
You hit the scorpion but do no damage.
The scorpion is almost dead.
You feel sick. The scorpion stings you.
You are more poisoned.
The scorpion poisons you! The scorpion stings you! x2
* * * LOW HITPOINT WARNING * * *
You closely miss the scorpion.
The scorpion is almost dead.
* * * LOW HITPOINT WARNING * * *
You feel very sick. The scorpion closely misses you. The scorpion stings you!
* * * LOW HITPOINT WARNING * * *
The scorpion stings you.
You die...

#######
##...s@##....
##......s......(
#..............$
#....(..........
#..........<....
#.........[.....
#...............
#.........[.....
##....[.........


You could see 2 scorpions.

Vanquished Creatures
  2 scorpions (D:4)
  2 hounds (D:5)
  A jelly (D:5)
  A hound skeleton (D:4)
  Robin (D:2)
  2 adders
  2 ufetubi
  An adder skeleton (D:5)
  3 worms
  2 dart slugs
  8 ball pythons
  4 bats
  13 endoplasms
  6 giant cockroaches
  12 goblins
  14 hobgoblins
  5 quokkas
  4 frilled lizards
  4 kobolds
  3 rats
90 creatures vanquished.

Vanquished Creatures (others)
  73 foxfires
73 creatures vanquished.

Grand Total: 163 creatures vanquished

Notes
Turn   | Place    | Note
-------+----------+-------------------------------------------
     0 | D:1      | ubername the Barachi Ice Elementalist began the quest for
                  | the Orb.
     0 | D:1      | Reached XP level 1. HP: 13/13 MP: 3/3
    53 | D:1      | Reached skill level 5 in Ice Magic
   218 | D:1      | Reached XP level 2. HP: 19/19 MP: 3/5
   636 | D:1      | Reached XP level 3. HP: 21/24 MP: 2/6
   640 | D:1      | Learned a level 3 spell: Frozen Ramparts
  1157 | D:2      | Noticed Robin
  1224 | D:1      | Learned a level 3 spell: Ozocubu's Armour
  1269 | D:2      | Reached skill level 1 in Throwing
  1740 | D:2      | Reached skill level 1 in Long Blades
  1818 | D:2      | Reached XP level 4. HP: 30/30 MP: 1/8
  1833 | D:2      | Killed Robin
  2740 | D:2      | Learned a level 1 spell: Foxfire
  2792 | D:3      | Reached skill level 1 in Armour
  2876 | D:3      | Found Nekhlul's Distillery.
  2888 | D:3      | Bought a potion of heal wounds for 50 gold pieces
  3241 | D:3      | Found a broken altar of Ashenzari.
  3243 | D:3      | Found a radiant altar of Vehumet.
  3246 | D:3      | Became a worshipper of Vehumet
  3368 | D:3      | Found a faded altar of an unknown god.
  3398 | D:3      | Found Amirum's Assorted Antiques.
  3564 | D:3      | Bought a scroll labelled LOUBIU XOHI for 19 gold pieces
  3564 | D:3      | Bought a scroll labelled OCIZXO XUIH for 19 gold pieces
  3633 | D:3      | Found Ceel's Antique Armour Boutique.
  3811 | D:3      | Found Ojicips's Antique Armour Shop.
  4028 | D:4      | Noticed a scorpion
  4035 | D:4      | Killed a scorpion
  4036 | D:4      | Reached skill level 1 in Fire Magic
  4036 | D:4      | Reached XP level 5. HP: 36/36 MP: 4/10
  4482 | D:4      | Reached skill level 6 in Ice Magic
  4482 | D:4      | Reached XP level 6. HP: 41/42 MP: 1/11
  4648 | D:4      | Found a staircase to the Ecumenical Temple.
  4673 | Temple   | Entered the Ecumenical Temple
  5067 | D:5      | Entered Level 5 of the Dungeon
  5295 | D:5      | Noticed a wyvern
  5298 | D:5      | Reached * piety under Vehumet
  5298 | D:5      | Offered knowledge of Sandblast by Vehumet.
  5323 | D:5      | HP: 1/42 [scorpion (7)]
  5323 | D:5      | Slain by a scorpion

Illustrated notes

Levels and vault maps discovered:
D:1:      pf_arrival_petrified_forest, layout_basic
D:2:      layout_loops_ring, uniq_robin
D:3:      layout_basic, minitemple, serial_shops, shop_fountains,
          nicolae_shop_crystal, nicolae_shop_statue_plus, shop,
          basic_ecumenical_altar
D:4:      layout_basic, minmay_temple_entry_overgrown, nrook_uturn
D:5:      kennysheep_six_static_rooms, layout_rooms
Temple:   regret_index_temple_mists

Skill      XL: |  1  2  3  4  5  6 |
---------------+-------------------+-----
Ice Magic      | 5 6 |  6.0
Throwing       | 1 2 |  2.1
Long Blades    | 1 2 |  2.2
Spellcasting   | 3 4 |  4.1
Armour         | 1 2 |  2.6
Fire Magic     | 1 |  1.3
Fighting       | |  0.4
Dodging        | |  2.2
Stealth        | |  1.9
Conjurations   | |  0.5

Action                   |  1- 3 |  4- 6 || total
-------------------------+-------+-------++-------
Melee: Unarmed           |     5 |       ||     5
       Dagger            |     9 |       ||     9
       Short sword       |    21 |    46 ||    67
       Falchion          |       |    18 ||    18
Throw: Stone             |    12 |     5 ||    17
       Dart              |       |     6 ||     6
 Cast: Freeze            |    38 |    18 ||    56
       Frozen Ramparts   |     4 |    13 ||    17
       Ozocubu's Armour  |     1 |     6 ||     7
       Foxfire           |       |    51 ||    51
 Abil: Hop               |       |     8 ||     8
  Use: Scroll            |     4 |     8 ||    12
       Potion            |       |     2 ||     2
 Stab: Sleeping          |     2 |     1 ||     3
Armor: Robe              |     8 |       ||     8
       Leather armour    |     4 |    47 ||    51
Dodge: Dodged            |    46 |    65 ||   111
       Rpst.: Falchion   |       |     9 ||     9
